AoeStats
← hightower_208

Arena

507463062Analyzed
2v2 RM · 14d ago on Sep 18, 2026· 33m 11s· 4 players
Game mode
Random Map
Map size
Medium (4 player)
Population
200
Speed
Normal
Resources
Standard
Victory
Conquest
Starting age
Dark Age
Ending age
Imperial Age
RankedLock teamsTeams togetherTeam positionsShared explorationLock speedFull tech treeHidden civsTurbo modeCheats
Victory
Defeat
🇩🇪 Magyars · Germany
1672
+9
🇩🇪 Mongols · Germany
1626
+10
🇫🇷 Burgundians · France
1507
-10
🇬🇧 Ethiopians · United Kingdom
1488
-9
Sunrise1988
6:37 Double-Bit Axe
10:20 Feudal Age
12:03 Bow Saw
12:21 Horse Collar
13:10 Heavy Plow
17:03 Wheelbarrow
17:57 Loom
20:17 Castle Age
18:36 Stone Mining
18:44 Loom
22:38 Two-Man Saw
22:05 Fletching
23:47 Bodkin Arrow
24:24 Padded Archer Armor
24:47 Elite Skirmisher
31:17 Imperial Age
29:14 Leather Archer Armor
30:12 Husbandry
30:20 Scale Barding Armor
30:26 Forging
31:33 Town Watch
32:56 Iron Casting
33:21 Ballistics
leaftopjo
12:09 Feudal Age
15:46 Castle Age
13:39 Double-Bit Axe
13:51 Horse Collar
17:04 Bow Saw
23:58 Wheelbarrow
24:19 Loom
24:50 Scale Mail Armor
25:00 Forging
hightower_208
11:10 Feudal Age
14:48 Castle Age
13:08 Double-Bit Axe
13:07 Horse Collar
18:11 Bow Saw
19:42 Gold Mining
21:57 Scale Barding Armor
24:02 Wheelbarrow
24:15 Chain Barding Armor
24:20 Loom
29:18 Bloodlines
29:08 Husbandry
30:36 Hand Cart
35:15 Imperial Age
Mjoelnir
11:18 Feudal Age
11:56 Double-Bit Axe
14:51 Castle Age
12:43 Horse Collar
13:33 Gold Mining
16:04 Fletching
18:13 Bodkin Arrow
23:45 Padded Archer Armor
33:27 Imperial Age
32:40 Leather Archer Armor
Connection lost

Rejoining the realm…

Still unreachable

The connection could not be restored.

Session expired

The server has moved on; the page needs a fresh start.